 Dungeon Crawl Stone Soup version 0.28-a0-1202-g1e6f1b2279 (webtiles) character file.

Game seed: 12825829360968586764

46 MordorOrchid the Covert (level 3, -1/35 HPs)
             Began as a Gnoll Delver on Dec 20, 2021.
             Slain by an ufetubus (4 damage)
             ... on level 4 of the Dungeon.
             The game lasted 00:03:46 (557 turns).

MordorOrchid the Covert (Gnoll Delver)               Turns: 557, Time: 00:03:47

Health: -1/35      AC:  3    Str: 11    XL:     3   Next: 66%
Magic:  4/4        EV: 13    Int: 11    God:
Gold:   12         SH:  0    Dex: 13    Spells: 3/3 levels left

rFire   . . .      SeeInvis .   a - +0 falchion
rCold   . . .      Faith    .   (no shield)
rNeg    . . .      Spirit   .   b - +0 leather armour
rPois   .          Reflect  .   (no helmet)
rElec   .          Harm     .   (no cloak)
rCorr   .          Rampage  .   (no gloves)
Will    .....                   (no boots)
Stlth   ++++......              (no amulet)
HPRegen 0.11/turn               (no ring)
MPRegen 0.09/turn               (no ring)

@: no status effects
A: fangs 1, strong nose, distributed training
a: no special abilities


You were on level 4 of the Dungeon.
You visited 1 branch of the dungeon, and saw 3 of its levels.

You collected 12 gold pieces.

Inventory:

Hand Weapons
 a - a +0 falchion (weapon)
Missiles
 h - 23 arrows
 i - 38 stones (quivered)
Armour
 b - a +0 leather armour (worn)
 k - a +0 ring mail
Wands
 g - a wand of digging (3)
 p - a wand of iceblast (1)
Scrolls
 c - 2 scrolls of fog
 d - a scroll of magic mapping
 e - a scroll of fear
 j - a scroll of immolation {unknown}
 l - a scroll of enchant weapon {unknown}
 r - a scroll of amnesia {unknown}
Potions
 f - a potion of haste
 m - a potion of mutation {unknown}
 n - a potion of berserk rage {unknown}
 o - a potion of ambrosia {unknown}
 q - 2 potions of curing
 s - a potion of brilliance {unknown}


   Skills:
 + Level 6.5 Fighting
 + Level 0.9 Short Blades
 + Level 4.5 Long Blades
 + Level 0.9 Axes
 + Level 0.9 Maces & Flails
 + Level 0.9 Polearms
 + Level 0.9 Staves
 + Level 0.9 Slings
 + Level 0.9 Bows
 + Level 0.9 Crossbows
 + Level 0.9 Throwing
 + Level 0.9 Armour
 + Level 4.5 Dodging
 + Level 9.6 Stealth
 + Level 0.9 Shields
 + Level 0.9 Unarmed Combat
 + Level 0.9 Spellcasting
 + Level 0.6 Conjurations
 + Level 0.6 Hexes
 + Level 0.6 Summonings
 + Level 0.6 Necromancy
 + Level 0.6 Translocations
 + Level 0.6 Transmutations
 + Level 0.6 Fire Magic
 + Level 0.6 Ice Magic
 + Level 0.6 Air Magic
 + Level 0.6 Earth Magic
 + Level 0.6 Poison Magic
 + Level 1.0 Invocations
 + Level 0.9 Evocations


You had 3 spell levels left.
You didn't know any spells.
Your spell library contained the following spells:

 Spells                   Type           Power      Damage    Failure   Level
 Summon Small Mammal      Summ           4%         N/A       32%         1
 Call Canine Familiar     Summ           1%         N/A       69%         3
 Ignite Poison            Fire/Tmut/Pois 1%         N/A       69%         3
 Mephitic Cloud           Conj/Pois/Air  1%         N/A       69%         3
 Summon Guardian Golem    Hex/Summ       1%         N/A       69%         3
 Freezing Cloud           Conj/Ice/Air   0%         6-21      100%        5


Dungeon Overview and Level Annotations

Branches:
Dungeon (5/15)
 Temple: D:4-7

Altars:

Annotations:
D:3 1 transporter, zeramoth's ghost, amateur MiFi
D:4 Edmund


Innate Abilities, Weirdness & Mutations

You have very sharp teeth.
Your uncanny sense of smell can sniff out nearby items.
Your experience applies equally to all skills.


Message History

The orc completely misses you.
You completely miss the orc. Your bite misses the orc.
The orc is heavily wounded.
The orc closely misses you.
You slash the orc!
You kill the orc!
Found a fizzy puce potion.
A kobold comes into view. It is wielding a +0 dagger.
Things that are here:
a +0 whip; a +0 leather armour
Okay, then.
Found 13 gold pieces.
An orc comes into view. It is wielding a +0 trident.
An orc comes into view. It is wielding a +0 short sword.
The orc shouts! x2
The orc hits you with a +0 hand axe.
As you read the scroll of fear, it crumbles to dust.
You assume a fearsome visage.
The orc looks frightened! x5
The kobold looks frightened!
The orc gibbers meaninglessly.
An ufetubus comes into view.
The ufetubus shouts!
An endoplasm comes into view.
The ufetubus hits you. The ufetubus barely misses you.
A dart slug comes into view.
The ufetubus hits you but does no damage.
The ufetubus hits you.
* * * LOW HITPOINT WARNING * * *
The ufetubus misses you. The ufetubus hits you.
* * * LOW HITPOINT WARNING * * *
The dart slug launches a dart at you. The slug dart hits you.
* * * LOW HITPOINT WARNING * * *
The ufetubus hits you.
* * * LOW HITPOINT WARNING * * *
The ufetubus misses you. The ufetubus barely misses you.
The ufetubus misses you.
The hobgoblin shouts!
The ufetubus closely misses you. The ufetubus hits you.
You die...

........########...
..................
####@.#..............
..#..#..#.............. .
#.#)................... ..
#.#.##.$....^..........
.###.#.................... .
.....#.##.#...............
... #......@5g..............
.....#..##.#.#...............
.......<...#.#...............
..........##.##...w..........
........S....##..............
..........#####..............
..........# #..............
K.........# #..............
s.........# #..............


You could see Edmund (wandering), a dart slug, an ufetubus and a hobgoblin.

Vanquished Creatures
  A centaur zombie (D:5)
  4 orcs
  A bat (D:3)
  An endoplasm (D:3)
  A giant cockroach (D:4)
  A hobgoblin (D:4)
  2 kobolds (D:3)
11 creatures vanquished.

Notes
Turn   | Place    | Note
-------+----------+-------------------------------------------
     0 | D:5      | Reached skill level 9 in Stealth
     0 | D:5      | MordorOrchid the Gnoll Delver began the quest for the Orb.
     0 | D:5      | Reached XP level 1. HP: 23/23 MP: 1/1
    29 | D:5      | Reached XP level 2. HP: 26/29 MP: 2/2
    29 | D:5      | Reached XP level 3. HP: 32/35 MP: 3/3
   257 | D:5      | Noticed a black bear
   339 | D:4      | Noticed Edmund
   347 | D:4      | Noticed a scorpion
   424 | D:3      | Reached skill level 1 in Invocations
   462 | D:3      | Found a transporter.
   462 | D:3      | Noticed zeramoth's ghost (amateur MiFi)
   557 | D:4      | Slain by an ufetubus

Illustrated notes

Levels and vault maps discovered:
D:3:      layout_basic, gammafunk_ghost_arena, lightli_sewer_entry_pipes,
          shapermc_ecumenical_altar_totnotflames
D:4:      layout_basic, uniq_edmund
D:5:      layout_basic, chequers_decorated_corner

Skill      XL: |  1  2  3 |
---------------+----------+-----
Stealth        | |  9.6
Invocations    | 1 |  1.0
Fighting       | |  6.5
Short Blades   | |  0.9
Long Blades    | |  4.5
Axes           | |  0.9
Maces & Flails | |  0.9
Polearms       | |  0.9
Staves         | |  0.9
Slings         | |  0.9
Bows           | |  0.9
Crossbows      | |  0.9
Throwing       | |  0.9
Armour         | |  0.9
Dodging        | |  4.5
Shields        | |  0.9
Unarmed Combat | |  0.9
Spellcasting   | |  0.9
Conjurations   | |  0.6
Hexes          | |  0.6
Summonings     | |  0.6
Necromancy     | |  0.6
Translocations | |  0.6
Transmutations | |  0.6
Fire Magic     | |  0.6
Ice Magic      | |  0.6
Air Magic      | |  0.6
Earth Magic    | |  0.6
Poison Magic   | |  0.6
Evocations     | |  0.9

Action                   || total
-------------------------++-------
Melee: Falchion          ||    42
       Bite              ||     4
Throw: Stone             ||     4
  Use: Potion            ||     1
       Scroll            ||     1
 Stab: Sleeping          ||     1
Armor: Leather armour    ||     8
Dodge: Dodged            ||    39

Table legend: (Time is in decaauts)
 A = Elapsed time spent in this place.
 B = Non-inter-level travel time spent in this place.
 C = Inter-level travel time spent in this place.
 D = Time resting spent in this place.
 E = Time spent auto-exploring this place.
 F = Levels seen in this place.
 G = Mean time per level.
                   A        B        C        D        E       F      G
               +--------+--------+--------+--------+--------+-----+--------+
         Total |    560 |    521 |     39 |      0 |      0 |   3 |  186.7 |
       Dungeon |    560 |    521 |     39 |      0 |      0 |   3 |  186.7 |
               +--------+--------+--------+--------+--------+-----+--------+

Top non-repeatable levels by time:
     D:5: 285 daAuts
     D:3: 172 daAuts
     D:4: 102 daAuts
